 Dungeon Crawl Stone Soup version 0.28.0 (webtiles) character file.

Game seed: 1096840918027400986

79 Armakuni the Skirmisher (level 4, -3/35 HPs)
             Began as a Vampire Warper on Feb 15, 2022.
             Slain by Sigmund (6 damage)
             ... on level 2 of the Dungeon.
             The game lasted 00:05:55 (2222 turns).

Armakuni the Skirmisher (Vampire Warper)            Turns: 2222, Time: 00:05:55

Health: -3/35      AC:  6    Str:  8 (10) XL:     4   Next: 16%
Magic:  7/7        EV: 11    Int: 13 (15) God:
Gold:   75         SH:  0    Dex: 13      Spells: 5/7 levels left

rFire   . . .      SeeInvis +   a - +2 dagger (drain)
rCold   . . .      Faith    .   (no shield)
rNeg    . . .      Spirit   .   b - +1 leather armour
rPois   .          Reflect  .   (no helmet)
rElec   .          Harm     .   e - scarf {shadows}
rCorr   +          Rampage  .   (no gloves)
Will    .....                   (no boots)
Stlth   +.........              (no amulet)
HPRegen 0.31/turn               K - ring of resist corrosion
MPRegen 0.10/turn               (no ring)

@: healing quickly
A: alive, fangs 3, see invisible, vampiric 2, iridescent scales 1, weak 1
a: Exsanguinate


You were on level 2 of the Dungeon.
You visited 1 branch of the dungeon, and saw 3 of its levels.

You collected 75 gold pieces.

Inventory:

Hand Weapons
 a - a +2 dagger of draining (weapon)
Missiles
 d - 5 boomerangs of dispersal (quivered)
Armour
 b - a +1 leather armour (worn)
 e - a scarf of shadows (worn)
Magical Staves
 i - a staff of poison
Jewellery
 K - a ring of resist corrosion (left hand)
Wands
 f - a wand of digging (6)
Scrolls
 c - a scroll of blinking
 g - a scroll of identify {unknown}


   Skills:
 * Level 3.5 Fighting
 + Level 3.3 Short Blades
 - Level 0.7 Throwing
 - Level 0.7 Armour
 - Level 2.1 Dodging
 - Level 2.0 Spellcasting
 - Level 2.4 Translocations


You had 5 spell levels left.
You knew the following spells:

 Your Spells              Type           Power      Damage    Failure   Level
b - Blink                 Tloc           14%        N/A       21%         2

Your spell library contained the following spells:

 Spells                   Type           Power      Damage    Failure   Level
 Foxfire                  Conj/Fire      4%         2x1d4     34%         1
 Gell's Gravitas          Tloc           7%         N/A       38%         3
 Lesser Beckoning         Tloc           7%         N/A       38%         3
 Teleport Other           Tloc           7%         N/A       38%         3
 Conjure Flame            Conj/Fire      1%         6-21      71%         3
 Inner Flame              Hex/Fire       1%         N/A       71%         3
 Flame Wave               Conj/Fire      1%         2d4       98%         4
 Manifold Assault         Tloc           7%         N/A       98%         5
 Dispersal                Tloc           3%         N/A       100%        6


Dungeon Overview and Level Annotations

Branches:
Dungeon (3/15)

Altars:

Shops:
D:2 *

Annotations:
D:2 Sigmund


Innate Abilities, Weirdness & Mutations

Your natural rate of healing is accelerated.
You have razor-sharp teeth.
You have supernaturally acute eyesight. (SInv)
You are afflicted with vampirism and can become a bat while bloodless.
You are partially covered in iridescent scales. (AC +2)
You are weak. (Str -2)


Message History

You hit Sigmund but do no damage.
Sigmund is heavily wounded.
Sigmund hits you with a +5 scythe of protection!
You closely miss Sigmund.
Sigmund is heavily wounded.
You aren't carrying any potions.
Okay, then.
You barely miss Sigmund. You bite Sigmund.
Sigmund is heavily wounded.
Sigmund points at you and mumbles some strange words.
The puff of flame misses you.
You barely miss Sigmund.
Sigmund is heavily wounded.
Sigmund hits you with a +5 scythe of protection!
You hit Sigmund but do no damage. You drain Sigmund. You bite Sigmund.
Sigmund is severely wounded.
Sigmund hits you but does no damage.
You hit Sigmund but do no damage.
Sigmund is severely wounded.
You barely miss Sigmund.
Sigmund is severely wounded.
Sigmund completely misses you.
You closely miss Sigmund.
Sigmund is severely wounded.
You hit Sigmund but do no damage. You drain Sigmund.
Sigmund is severely wounded.
Sigmund misses you.
You hit Sigmund but do no damage. You drain Sigmund.
Sigmund is almost dead.
You hit Sigmund but do no damage. You drain Sigmund.
You bite Sigmund, but do no damage.
Sigmund is almost dead.
Sigmund hits you with a +5 scythe of protection!
* * * LOW HITPOINT WARNING * * *
You hit Sigmund but do no damage. Your bite misses Sigmund.
Sigmund is almost dead.
You closely miss Sigmund.
Sigmund is almost dead.
Sigmund hits you with a +5 scythe of protection.
You die...

#.# #.# #. #.# #.# #.
#.# #.# #. #.# #.# #.
#.# #.# #. #†# *,* ##
#.######***,**
####.......,,,,,* *
#...@######,***,* *
#.##.@.....,* *,*****
#.##.######,***,,,,,,
###.##.# *,,,,,*****
#...##.# *******
#>#**#.# #.# *#.# #.#
*,,* #.# *,**


You could see Sigmund (drained).

Vanquished Creatures
  2 adders (D:2)
  A worm (D:3)
  4 orcs (D:3)
  5 ball pythons
  7 bats
  3 endoplasms
  2 giant cockroaches
  2 goblins
  5 hobgoblins
  3 jackals (D:1)
  3 quokkas
  A frilled lizard (D:3)
  7 kobolds (D:1)
  4 rats
49 creatures vanquished.

Notes
Turn   | Place    | Note
-------+----------+-------------------------------------------
     0 | D:1      | Armakuni the Vampire Warper began the quest for the Orb.
     0 | D:1      | Reached XP level 1. HP: 16/16 MP: 3/3
   139 | D:1      | Found a faded altar of an unknown god.
   196 | D:1      | Reached XP level 2. HP: 20/22 MP: 5/5
   205 | D:1      | Learned a level 2 spell: Blink
   532 | D:1      | You fall into a shaft and drop 1 floor!
   577 | D:2      | Gained mutation: You are afflicted with vampirism and can
                  | become a bat while bloodless. [Vampire growth]
   577 | D:2      | Reached XP level 3. HP: 21/28 MP: 6/6
  1008 | D:2      | Noticed Sigmund
  1083 | D:1      | Gained mutation: You are weak. (Str -2) [potion of
                  | mutation]
  1083 | D:1      | Gained mutation: You are partially covered in iridescent
                  | scales. (AC +2) [potion of mutation]
  1271 | D:2      | Found Sudakiz's General Store.
  2044 | D:2      | Reached XP level 4. HP: 28/34 MP: 7/7
  2222 | D:2      | Slain by Sigmund

Illustrated notes

Levels and vault maps discovered:
D:1:      mainiacjoe_arrival_reflecting_pool, layout_basic,
          ebering_ecumenical_altar_mist, chequers_avenue
D:2:      layout_loops_ring, serial_shops, nicolae_lakefront_shop,
          minmay_misc_feat_pillars, uniq_sigmund
D:3:      layout_loops_ring, kennysheep_another_room

Skill      XL: |  1  2  3 |
---------------+----------+-----
Fighting       | 2 3 |  3.5
Short Blades   | 3 |  3.3
Throwing       | |  0.7
Armour         | |  0.7
Dodging        | |  2.1
Spellcasting   | |  2.0
Translocations | |  2.4

Action                   |  1- 3 |  4- 6 || total
-------------------------+-------+-------++-------
Melee: Short sword       |   103 |       ||   103
       Bite              |    11 |     6 ||    17
       Punch             |     2 |       ||     2
       Dagger            |    40 |    30 ||    70
  Use: Scroll            |     3 |       ||     3
       Potion            |     4 |       ||     4
Armor: Leather armour    |    59 |     3 ||    62
Dodge: Dodged            |    82 |    11 ||    93
